 Dungeon Crawl Stone Soup version 0.22-a0-570-g58866f5 (webtiles) character file.

80 theanonym the Magician (level 4, -2/30 HPs)
             Began as a Mummy Air Elementalist on June 30, 2018.
             Killed from afar by Sigmund (15 damage)
             ... with a wand of flame (15)
             ... on level 3 of the Dungeon.
             The game lasted 00:04:11 (3915 turns).

theanonym the Magician (Mummy Air Elementalist)     Turns: 3915, Time: 00:04:11

Health: -2/30      AC:  0    Str: 11    XL:     4   Next: 18%
Magic:  8/9        EV: 12    Int: 15    God:
Gold:   130        SH:  0    Dex: 12    Spells: 9/10 levels left

rFire    x . .     SeeInvis .   b - +1 short sword
rCold    + . .     Gourm    .   (no shield)
rNeg     + + +     Faith    .   a - +1 robe
rPois    ∞         Spirit   .   (no helmet)
rElec    .         Reflect  .   (no cloak)
rCorr    .         Harm     .   (no gloves)
MR       .....                  (no boots)
Stlth    ++........             (no amulet)
HPRegen  0.10/turn              c - -3 ring of protection (curse)
MPRegen  0.11/turn              (no ring)

@: no status effects
A: no food or potions, fire vulnerability, cold resistance 1, negative energy
resistance 3, torment resistance, unbreathing
a: no special abilities


Innate Abilities, Weirdness & Mutations

You do not eat or drink.
Your flesh is vulnerable to fire.
You are immune to poison.
Your flesh is cold resistant. (rC+)
You are immune to negative energy. (rN+++)
You are immune to unholy pain and torment.
You can survive without breathing.


   Skills:
 - Level 1.5 Dodging
 - Level 1.5 Stealth
 + Level 3.8 Spellcasting
 - Level 0.7 Conjurations
 * Level 3.7 Air Magic


You had 9 spell levels left.
You knew the following spells:

 Your Spells              Type           Power        Failure   Level  Hunger
a - Shock                 Conj/Air       #...         8%          1    N/A

Your spell library contained the following spells:

 Spells                   Type           Power        Failure   Level  Hunger
 Lightning Bolt           Conj/Air       #.........   90%         5    N/A
 Swiftness                Chrm/Air       #.......     13%         2    N/A
 Airstrike                Air            ##........   36%         4    N/A
 Static Discharge         Conj/Air       #.......     22%         3    N/A

Skill      XL: |  1  2 |
---------------+-------+-----
Spellcasting   | 3 |  3.8
Air Magic      | 3 |  3.7
Dodging        | |  1.5
Stealth        | |  1.5
Conjurations   | |  0.7

Action                   |  1- 3 |  4- 6 || total
-------------------------+-------+-------++-------
Melee: Unarmed           |     8 |       ||     8
       Short sword       |    38 |     8 ||    46
 Cast: Shock             |   120 |    18 ||   138
  Use: Scroll            |     5 |       ||     5
Armor: Robe              |     3 |       ||     3
Dodge: Dodged            |    33 |     6 ||    39

Inventory:

Hand Weapons
 b - a +1 short sword (weapon)
   (You took it off a kobold on level 1 of the Dungeon)
Armour
 a - a +1 robe (worn)
Jewellery
 c - a cursed -3 ring of protection (left hand)
   (You found it on level 1 of the Dungeon)
Scrolls
 d - a scroll of fear {unknown}
 e - a scroll of enchant weapon
 f - a scroll of fog {unknown}
 g - a scroll of random uselessness {unknown}
 h - a scroll of identify {unknown}
 t - a scroll of teleportation {!r}


You were on level 3 of the Dungeon.
You were not hungry.

You visited 1 branch of the dungeon, and saw 3 of its levels.

You collected 130 gold pieces.

Dungeon Overview and Level Annotations

Branches:
Dungeon (3/15)

Altars:
Gozag

Annotations:
D:3 Sigmund

.......... . #.#.##
.....#......# #...?#
.....#.......@...........
...........#.###....#####
.......... ##. #.#.##
...#.### #.. #.#.# ...#.#
#.##.#.##.#.##...
.#.#.###......@.......#
............####@######
.....###########.#
##..........<....#
#################


You could see Sigmund.

Notes
Turn   | Place    | Note
-------+----------+-------------------------------------------
     0 | D:1      | theanonym the Mummy Air Elementalist began the quest for the Orb.
     0 | D:1      | Reached XP level 1. HP: 13/13 MP: 4/4
    20 | D:1      | HP: 4/13 [kobold/short sword (4)]
   330 | D:1      | Reached skill level 3 in Spellcasting
   330 | D:1      | Reached XP level 2. HP: 12/19 MP: 0/6
  1180 | D:2      | Reached skill level 3 in Air Magic
  1254 | D:2      | HP: 8/19 [worm (11)]
  1597 | D:2      | Reached XP level 3. HP: 24/24 MP: 4/7
  1611 | D:2      | HP: 12/24 [worm (12)]
  1613 | D:2      | HP: 3/24 [worm (9)]
  1957 | D:2      | HP: 9/24 [worm (10)]
  2155 | D:2      | HP: 7/24 [worm (12)]
  2433 | D:2      | HP: 10/24 [adder (4)]
  2945 | D:2      | Found an opulent altar of Gozag.
  3461 | D:2      | Reached XP level 4. HP: 24/30 MP: 0/9
  3766 | D:3      | Noticed Sigmund
  3913 | D:3      | HP: 13/30 [Sigmund/scythe of protection (15)]
  3915 | D:3      | Killed from afar by Sigmund

Vanquished Creatures
  2 adders (D:2)
  3 worms (D:2)
  2 dart slugs
  3 bats (D:2)
  7 giant cockroaches
  6 goblins
  5 hobgoblins
  4 jackals (D:2)
  4 kobolds (D:1)
  3 quokkas
  2 frilled lizards (D:2)
  5 rats
46 creatures vanquished.

Table legend:
 A = Turns spent in this place as a percentage of turns spent in the entire game.
 B = Non-inter-level travel turns spent in this place as a percentage of non-inter-level travel turns spent in the entire game.
 C = Inter-level travel turns spent in this place as a percentage of turns spent in this place.
 D = Turns resting spent in this place as a percentage of non-inter-level travel turns spent in this place.
 E = Turns spent auto-exploring this place as a percentage of non-inter-level travel turns spent in this place.
 F = Non-inter-level travel turns spent in this place divided by the number of levels of this place that you've seen.
                   A       B       C       D       E      F
               +-------+-------+-------+-------+-------+----------------------
         Total | 100.0 | 100.0 |   4.0 |  51.4 |  38.2 | 1252.7
       Dungeon | 100.0 | 100.0 |   4.0 |  51.4 |  38.2 | 1252.7
               +-------+-------+-------+-------+-------+----------------------
